 Dungeon Crawl Stone Soup version 0.29.1-1-gd02db6906a (webtiles) character file.

Game seed: 13864724653808847279

1336 LustLizard the Ruffian (level 8, -1/73 (79) HPs)
             Began as a Troll Fighter on Sept 26, 2022.
             Slain by a gnoll sergeant
             ... wielding a +0 spear
              (9 damage)
             ... on level 6 of the Dungeon.
             The game lasted 00:07:50 (4325 turns).

LustLizard the Ruffian (Troll Fighter)              Turns: 4325, Time: 00:07:50

HP:   -1/73 (79)    AC:  4    Str: 25    XL:     8   Next: 35%
MP:   7/7           EV:  8    Int:  6    God:
Gold: 178           SH:  8    Dex:  9    Spells: 7/7 levels left

rFire   . . .      SeeInvis +     - Unarmed
rCold   . . .      Faith    .   b - +0 kite shield
rNeg    . . .      Spirit   .   a - +0 robe
rPois   .          Reflect  .   (helmet restricted)
rElec   .          Harm     .   F - scarf {+Inv}
rCorr   .          Rampage  .   (gloves unavailable)
Will    .....                   (boots unavailable)
Stlth   +.........              (no amulet)
HPRegen 1.02/turn               f - ring of see invisible
MPRegen 0.10/turn               s - ring of wizardry

@: drained
A: large, unfitting armour, claws 3, regeneration 1, shaggy fur 1, tough skin 1
a: Evoke Invisibility


You were on level 6 of the Dungeon.
You visited 2 branches of the dungeon, and saw 7 of its levels.

You collected 178 gold pieces.

Inventory:

Hand Weapons
 C - the +5 trident "Leviticus" {vorpal, *Noise rC+++ rCorr Dex-3}
   (You found it on level 5 of the Dungeon)

   It inflicts extra damage upon your enemies.
   Dex:       It affects your dexterity (-3).
   rC:        It renders you almost immune to cold.
   *Noise:    It may make noises in combat.
   rCorr:     It protects you from acid and corrosion.
Missiles
 n - 63 stones (quivered)
 v - 4 silver boomerangs
 D - 10 poisoned darts
Armour
 a - a +0 robe (worn)
 b - a +0 kite shield (worn)
 F - a scarf of invisibility (worn)
Jewellery
 f - a ring of see invisible (left claw)
 s - a ring of wizardry (right claw)
 y - a ring of ice
Wands
 u - a wand of polymorph (6)
 A - a wand of iceblast (9)
Scrolls
 d - 2 scrolls of butterflies {unknown}
 e - 6 scrolls of identify {unknown}
 h - a scroll of brand weapon {unknown}
 i - 4 scrolls of blinking {unknown}
 m - 5 scrolls of teleportation {unknown}
 o - 3 scrolls of poison {unknown}
 p - 2 scrolls of vulnerability {unknown}
 q - a scroll of immolation {unknown}
 z - a scroll of amnesia {unknown}
 B - a scroll of acquirement {unknown}
 E - a scroll of silence {unknown}
 G - a scroll of enchant armour {unknown}
 H - a scroll of noise {unknown}
Potions
 c - a potion of might
 g - a potion of flight {unknown}
 j - 5 potions of curing {unknown}
 k - 2 potions of berserk rage {unknown}
 l - 2 potions of haste {unknown}
 r - 2 potions of mutation {unknown}
 t - a potion of cancellation {unknown}
 w - a potion of degeneration {unknown}
 x - a potion of lignification {unknown}


   Skills:
 + Level 4.8 Fighting
 - Level 2.4 Dodging
 + Level 5.3 Shields
 * Level 7.5 Unarmed Combat


You had 7 spell levels left.
You didn't know any spells.
Your spell library contained the following spells:

 Spells                   Type           Power      Damage    Failure   Level
 Apportation              Tloc           0%         N/A       38%         1
 Portal Projectile        Hex/Tloc       0%         N/A       75%         3
 Dispersal                Tloc           0%         N/A       100%        6
 Disjunction              Tloc           0%         N/A       100%        8


Dungeon Overview and Level Annotations

Branches:
Dungeon (6/15)             Temple (1/1) D:4

Altars:
Ashenzari
Cheibriados
Dithmenos
Elyvilon
Gozag
Hepliaklqana
Kikubaaqudgha
Makhleb
Nemelex Xobeh
Okawaru
Qazlal
Sif Muna
Trog
Uskayaw
Vehumet
Yredelemnul
Zin
The Shining One

Shops:
D:1 (   D:4 (


Innate Abilities, Weirdness & Mutations

You are too large for most types of armour.
You have claws for hands.
Your natural rate of healing is unusually fast.
You are covered in fur. (AC +1)
You have tough skin. (AC +1)


Message History

The gnoll is severely wounded.
The gnoll hits you with a +0 spear.
The gnoll sergeant hits you from afar with a +0 spear!
You claw the gnoll!
You kill the gnoll!
The gnoll sergeant hits you from afar with a +0 spear.
You block the gnoll sergeant's attack.
Things that are here:
a +0 spear; a gnoll corpse You barely miss the gnoll sergeant.
The gnoll sergeant hits you with a +0 spear!
You scratch the gnoll sergeant.
The gnoll sergeant is lightly wounded.
You block the gnoll sergeant's attack.
You scratch the gnoll sergeant but do no damage.
The gnoll sergeant is lightly wounded.
The gnoll sergeant hits you with a +0 spear.
The gnoll sergeant blocks your attack.
The gnoll sergeant is lightly wounded.
The gnoll sergeant hits you with a +0 spear.
You barely miss the gnoll sergeant.
The gnoll sergeant is lightly wounded.
The gnoll sergeant hits you with a +0 spear.
* * * LOW HITPOINT WARNING * * *
The gnoll sergeant blocks your attack.
The gnoll sergeant is lightly wounded.
The gnoll sergeant hits you with a +0 spear!
* * * LOW HITPOINT WARNING * * *
You scratch the gnoll sergeant.
The gnoll sergeant is moderately wounded.
The gnoll sergeant hits you with a +0 spear.
* * * LOW HITPOINT WARNING * * *
You scratch the gnoll sergeant.
The gnoll sergeant is moderately wounded.
The gnoll sergeant hits you with a +0 spear.
* * * LOW HITPOINT WARNING * * *
You barely miss the gnoll sergeant.
The gnoll sergeant is moderately wounded.
The gnoll sergeant hits you with a +0 spear!
You die...

.# .. ### .#
#.. .# #.# .# #
#.# )# #.#.# g#
#.#.###### g#
#>......g######
.#
###.####gg@...#
.########.#
######.#
.....gg.g.# #.#
....g###### #.#
.###.# #.# .#
#.# #.# .# #.#
#.# .# #.# #.#
## #.# #.#


You could see a gnoll sergeant and 2 gnolls.

Vanquished Creatures
  Duvessa (D:5)
  An ice beast (D:6)
  An ogre (D:4)
  2 necrophages
  Dowan (D:5)
  The ghost of Iamsock the Vexing, a weakling GnWn (D:4)
  A crimson imp (D:5)
  7 hounds
  An orc priest (D:6)
  A gnoll bouda (D:6)
  4 orc wizards
  Ijyb (D:5)
  Natasha (twice) (D:2)
  2 iguanas (D:5)
  11 gnolls
  12 adders
  An ufetubus (D:4)
  4 worms
  2 dart slugs
  8 orcs
  4 bats
  8 endoplasms
  2 giant cockroaches (D:2)
  8 goblins
  9 hobgoblins
  5 jackals (D:1)
  3 kobolds
  4 quokkas
  6 ball pythons
  3 frilled lizards
  9 rats
125 creatures vanquished.

Notes
Turn   | Place    | Note
-------+----------+-------------------------------------------
     0 | D:1      | LustLizard the Troll Fighter began the quest for the Orb.
     0 | D:1      | Reached XP level 1. HP: 22/22 MP: 0/0
    81 | D:1      | Found a faded altar of an unknown god.
   130 | D:1      | Reached XP level 2. HP: 29/29 MP: 1/1
   575 | D:1      | Reached XP level 3. HP: 36/36 MP: 2/2
   693 | D:1      | Found Kump's Weapon Emporium.
   791 | D:1      | Reached skill level 3 in Unarmed Combat
  1001 | D:2      | Found a stormy altar of Qazlal.
  1101 | D:2      | Identified the +2 leather armour of Action {rPois rC++
                  | Int-4 SInv}
  1136 | D:2      | Reached XP level 4. HP: 44/44 MP: 3/3
  1298 | D:2      | Noticed Natasha
  1311 | D:2      | Killed Natasha
  1374 | D:2      | Noticed Natasha
  1397 | D:2      | Killed Natasha
  1593 | D:3      | Reached skill level 4 in Unarmed Combat
  1617 | D:3      | Reached XP level 5. HP: 53/53 MP: 4/4
  2067 | D:4      | Noticed an ogre
  2073 | D:4      | Killed an ogre
  2074 | D:4      | Reached XP level 6. HP: 48/61 MP: 5/5
  2389 | D:4      | Reached skill level 5 in Unarmed Combat
  2449 | D:4      | Found a staircase to the Ecumenical Temple.
  2523 | Temple   | Entered the Ecumenical Temple
  2523 | Temple   | Found a transporter.
  2523 | Temple   | Found a transporter.
  2525 | Temple   | Found a transporter.
  2525 | Temple   | Found a transporter.
  2588 | D:4      | Reached XP level 7. HP: 68/68 MP: 6/6
  2610 | D:4      | Found Neacwar's Weapon Emporium.
  2807 | D:4      | Found a runed translucent door.
  2808 | D:4      | Noticed Iamsock's ghost (weakling GnWn)
  2897 | D:4      | Killed Iamsock's ghost
  2900 | D:4      | Got the Encyclopedia of the Excursion
  2956 | D:5      | Entered Level 5 of the Dungeon
  2967 | D:5      | Noticed Ijyb
  2969 | D:5      | Noticed Duvessa
  2971 | D:5      | Noticed Dowan
  2997 | D:5      | Found a shadowy altar of Dithmenos.
  3021 | D:5      | Reached skill level 6 in Unarmed Combat
  3291 | D:5      | Found a burning altar of Makhleb.
  3331 | D:5      | Identified the +5 trident "Leviticus" {vorpal, *Noise rC+++
                  | rCorr Dex-3}
  3367 | D:5      | Killed Ijyb
  3395 | D:5      | Killed Duvessa
  3401 | D:5      | Killed Dowan
  3429 | D:5      | Found a glowing golden altar of the Shining One.
  3640 | D:5      | Reached skill level 5 in Shields
  3640 | D:5      | Reached XP level 8. HP: 75/79 MP: 7/7
  3946 | D:6      | Reached skill level 7 in Unarmed Combat
  4084 | D:6      | Found a sparkling altar of Nemelex Xobeh.
  4184 | D:6      | Found a snail-covered altar of Cheibriados.
  4325 | D:6      | Slain by a gnoll sergeant

Illustrated notes

Levels and vault maps discovered:
D:1:      lightli_arrival_flooded_house, layout_loops_corners,
          chequers_ecumenical_altar_simple, serial_shops, shop_statue
D:2:      layout_basic, basic_altar, minmay_pentomino_w2, uniq_natasha
D:3:      layout_rooms, kennysheep_generic_room_3
D:4:      layout_gridville, minmay_temple_entry_stoned_glass,
          gammafunk_ghost_grave, serial_shops, nicolae_shop_bloodbath_and_beyond
D:5:      layout_basic, makhleb_grotto_becter,
          mainiacjoe_overflow_surrounded_room, nicolae_dithmenos_shadow_blocks,
          nicolae_overflow_hidden_temple, uniq_ijyb, uniq_duvessa
D:6:      layout_loops_ring, mainiacjoe_overflow_large_starburst, serial_shops,
          kennysheep_mini_moat, uniq_prince_ribbit1
Temple:   hellmonk_temple_divided_pantheon

Skill      XL: |  1  2  3  4  5  6  7  8 |
---------------+-------------------------+-----
Shields        | 3 4 5 |  5.3
Unarmed Combat | 3 4 5 6 7 |  7.5
Fighting       | 3 4 |  4.8
Dodging        | |  2.4

Action                   |  1- 3 |  4- 6 |  7- 9 || total
-------------------------+-------+-------+-------++-------
Melee: Unarmed           |   117 |   152 |   146 ||   415
Throw: Dart              |       |       |    10 ||    10
       Stone             |       |       |     1 ||     1
 Stab: Sleeping          |       |     1 |       ||     1
Armor: Robe              |    29 |    27 |    33 ||    89
Dodge: Dodged            |    43 |    52 |    29 ||   124
Block: Kite shield       |    31 |    58 |    41 ||   130
